AoeStats
← [SotC] Legend

Arena

510322862Analyzed
1v1 RM · 2d ago on Sep 30, 2026· 26m 3s· 2 players
Game mode
Random Map
Map size
Tiny (2 player)
Population
200
Speed
Normal
Resources
Standard
Victory
Conquest
Starting age
Dark Age
Ending age
Imperial Age
RankedLock teamsTeams togetherTeam positionsShared explorationLock speedFull tech treeHidden civsTurbo modeCheats
Victory
Defeat
🇦🇷 Wu · Argentina
1756
+16
🇨🇴 Magyars · Colombia
1766
-16
[SotC] Legend
9:31 Feudal Age
9:20 Loom
13:11 Castle Age
15:25 Double-Bit Axe
17:38 Fletching
18:51 Bodkin Arrow
20:05 Gold Mining
TRYHC_WRYPIG
10:00 Feudal Age
14:03 Castle Age
12:06 Double-Bit Axe
13:55 Gold Mining
14:44 Loom
Connection lost

Rejoining the realm…

Still unreachable

The connection could not be restored.

Session expired

The server has moved on; the page needs a fresh start.